 Dungeon Crawl Stone Soup version 0.30-a0-723-gc1506a1cf0 (webtiles) character file.

Game seed: 15967955306163652230

106 bigmike the Chopper (level 4, -2/41 HPs)
             Began as a Minotaur Berserker on Jan 28, 2023.
             Was a Believer of Trog.
             Slain by a howler monkey skeleton (4 damage)
             ... on level 3 of the Dungeon.
             The game lasted 00:05:37 (1596 turns).

bigmike the Chopper (Minotaur Berserker)            Turns: 1596, Time: 00:05:38

Health: -2/41      AC: 10    Str: 33    XL:     4   Next: 55%
Magic:  3/3        EV:  9    Int:  3    God:    Trog [**....]
Gold:   171        SH:  4    Dex:  9    Spells: 3/3 levels left

rFire   . . .      SeeInvis .    a - +0 hand axe
rCold   . . .      Faith    .    (no shield)
rNeg    . . .      Spirit   .    f - +1 chain mail
rPois   .          Reflect  .    (helmet restricted)
rElec   .          Harm     .    (no cloak)
rCorr   +          Rampage  .    (no gloves)
Will    .....                    (no boots) Stlth
                                 i - amulet of the acrobat
HPRegen 0.26/turn                c - ring of resist corrosion
MPRegen 0.08/turn                g - +6 ring of strength

@: no status effects
A: horns 2, retaliatory headbutt, large bone plates 1, strong 1
a: Renounce Religion, Berserk, Trog's Hand


You were on level 3 of the Dungeon.
You worshipped Trog.
Trog was pleased with you.
You visited 1 branch of the dungeon, and saw 3 of its levels.

You collected 171 gold pieces.

Inventory:

Hand Weapons
 a - a +0 hand axe (weapon)
Armour
 f - a +1 chain mail (worn)
Jewellery
 c - a ring of resist corrosion (left hand)
 g - a +6 ring of strength (right hand)
 i - an amulet of the acrobat (around neck)
Scrolls
 h - 5 scrolls of identify
Potions
 j - a potion of attraction


   Skills:
 + Level 4.6 Fighting
 + Level 5.2 Axes
 + Level 2.8 Armour
 + Level 2.7 Dodging
 + Level 0.4 Shields


You had 3 spell levels left.
You didn't know any spells.
Your spell library was empty.

Dungeon Overview and Level Annotations

Branches:
Dungeon (3/15)

Altars:
Zin

Annotations:
D:3 1 transporter, yumyumyeen's ghost, amateur MiFi


Innate Abilities, Weirdness & Mutations

You have a pair of horns on your head.
You reflexively headbutt those who attack you in melee.
You are partially covered in large bone plates. (SH +4)
Your muscles are strong. (Str +4, Int/Dex -1)


Message History

Yumyumyeen's ghost hits you!
The howler monkey skeleton barely misses you.
You furiously retaliate!
You headbutt the howler monkey skeleton.
The centaur skeleton closely misses you.
You block the centaur skeleton's attack.
You hit yumyumyeen's ghost but do no damage.
Yumyumyeen's ghost is heavily damaged.
You slash the centaur skeleton!
You destroy the centaur skeleton!
Trog accepts your kill.
You hit the howler monkey skeleton. You block yumyumyeen's ghost's attack.
The howler monkey skeleton hits you.
Your Axes skill increases to level 5!
You have reached level 4!
You feel agile.
You slash yumyumyeen's ghost!
Yumyumyeen's ghost is severely damaged.
You slash the howler monkey skeleton!
You destroy the howler monkey skeleton!
Trog accepts your kill. You block yumyumyeen's ghost's attack.
You hit yumyumyeen's ghost but do no damage.
Yumyumyeen's ghost is severely damaged.
Yumyumyeen's ghost hits you.
You slash yumyumyeen's ghost!
You headbutt yumyumyeen's ghost, but do no damage.
Yumyumyeen's ghost is severely damaged.
Yumyumyeen's ghost hits you!
* * * LOW HITPOINT WARNING * * *
The howler monkey skeleton completely misses you.
Yumyumyeen's ghost whispers, "There is no future for you."
Yumyumyeen's ghost closely misses you.
Really quaff the potion of attraction?
Okay, then.
As you read the scroll labelled XUDUHAIPRU, it crumbles to dust.
It is a scroll of enchant armour.
Your +0 chain mail glows green for a moment.
The howler monkey skeleton hits you.
You die...

#####.##....................#
#.##..#############..##.#
#.....#...........#..# #
####..#...........#..#
#..#..###.###..#..## #
##..#..#8#.#8#..#...#.#
#...#?........$.#...#.#
##.©#?...ZW.....#©....#
#..#$....@:....#...###
#..#..#8#.#8#..#...#
#..#..###.###..#...#
#..#...........#...#
#..#.......$..©#...#
#..#############...#
######..................#
#.......................#
#.##...>.......##.###.#.#


You could see yumyumyeen's ghost and a howler monkey skeleton.

Vanquished Creatures
  A centaur skeleton (D:3)
  A howler monkey skeleton (D:3)
  An adder (D:2)
  3 worms
  A dart slug (D:1)
  An orc (D:3)
  5 ball pythons
  7 endoplasms
  2 giant cockroaches
  4 goblins
  2 hobgoblins (D:1)
  2 jackals (D:3)
  5 kobolds
  A quokka (D:3)
  5 bats
  4 frilled lizards
  3 rats
48 creatures vanquished.

Vanquished Creatures (others)
  3 fungi (D:3)
3 creatures vanquished.

Grand Total: 51 creatures vanquished

Notes
Turn   | Place    | Note
-------+----------+-------------------------------------------
     0 | D:1      | bigmike the Minotaur Berserker began the quest for the Orb.
     0 | D:1      | Reached XP level 1. HP: 19/19 MP: 0/0
   199 | D:1      | Reached XP level 2. HP: 23/27 MP: 1/1
   206 | D:1      | Reached skill level 4 in Axes
   438 | D:1      | Reached ** piety under Trog
   600 | D:2      | Found a glowing silver altar of Zin.
   608 | D:2      | Reached XP level 3. HP: 31/33 MP: 2/2
   989 | D:2      | Gained mutation: Your muscles are strong. (Str +4, Int/Dex
                  | -1) [potion of mutation]
   989 | D:2      | Gained mutation: You are partially covered in large bone
                  | plates. (SH +4) [potion of mutation]
  1491 | D:3      | Found a transporter.
  1497 | D:3      | Noticed yumyumyeen's ghost (amateur MiFi)
  1501 | D:3      | Found a transporter.
  1592 | D:3      | Reached skill level 5 in Axes
  1592 | D:3      | Reached XP level 4. HP: 17/41 MP: 3/3
  1594 | D:3      | HP: 1/41 [yumyumyeen's ghost (12)]
  1596 | D:3      | Slain by a howler monkey skeleton

Illustrated notes

Levels and vault maps discovered:
D:1:      tekkud_arrival_beachfront_property, layout_basic
D:2:      layout_rooms, basic_altar, serial_glass, glass_columns_a,
          glass_columns_a, chequers_serial_rivers_room_b
D:3:      minmay_bubble_buster, layout_loops_ring, gammafunk_ghost_mausoleum,
          roderic_lattice_a, uniq_crazy_yiuf_cottage

Skill      XL: |  1  2  3 |
---------------+----------+-----
Axes           | 4 5 |  5.2
Fighting       | 4 |  4.6
Armour         | |  2.8
Dodging        | |  2.7
Shields        | |  0.4

Action                     |  1- 3 |  4- 6 || total
---------------------------+-------+-------++-------
  Melee: Hand axe          |    89 |     3 ||    92
         Headbutt          |    17 |     1 ||    18
         Punch             |     1 |       ||     1
    Use: Scroll            |     3 |     1 ||     4
         Potion            |     2 |       ||     2
 Armour: Animal skin       |     5 |       ||     5
         Chain mail        |    44 |       ||    44
  Dodge: Dodged            |    87 |     2 ||    89
  Block: Other             |    12 |     1 ||    13

Table legend: (Time is in decaauts)
 A = Elapsed time spent in this place.
 B = Non-inter-level travel time spent in this place.
 C = Inter-level travel time spent in this place.
 D = Time resting spent in this place.
 E = Time spent auto-exploring this place.
 F = Levels seen in this place.
 G = Mean time per level.
                   A        B        C        D        E       F      G
               +--------+--------+--------+--------+--------+-----+--------+
         Total |   1601 |   1601 |      0 |    108 |      0 |   3 |  533.7 |
       Dungeon |   1601 |   1601 |      0 |    108 |      0 |   3 |  533.7 |
               +--------+--------+--------+--------+--------+-----+--------+

Top non-repeatable levels by time:
     D:3: 603 daAuts
     D:1: 536 daAuts
     D:2: 461 daAuts
